 Dungeon Crawl Stone Soup version 0.21-a0-364-gbd1fde4 (webtiles) character file.

17 4thArraOfDagon the Vexing (level 2, -1/19 HPs)
             Began as a Mummy Enchanter on Oct 14, 2017.
             Slain by an adder (2 damage)
             ... on level 2 of the Dungeon.
             The game lasted 00:01:54 (701 turns).

4thArraOfDagon the Vexing (Mummy Enchanter)          Turns: 701, Time: 00:01:54

Health: -1/19      AC:  2    Str: 11    XL:     2   Next: 44%
Magic:  0/5        EV: 12    Int: 14    God:
Gold:   31         SH:  0    Dex: 12    Spells: 3/6 levels left

rFire    x . .     SeeInvis .   a - +1 dagger
rCold    + . .     Gourm    .   (no shield)
rNeg     + + +     Faith    .   b - +0 robe
rPois    ∞         Spirit   .   (no helmet)
rElec    .         Reflect  .   (no cloak)
rCorr    .         Harm     .   (no gloves)
MR       .....                  (no boots)
Stlth    ++........             (no amulet)
HPRegen  0.06/turn              (no ring)
MPRegen  0.09/turn              (no ring)

@: very slightly contaminated
A: no food or potions, fire vulnerability, cold resistance 1, negative energy
resistance 3, torment resistance, unbreathing
a: no special abilities


You were on level 2 of the Dungeon.
You were not hungry.

You visited 1 branch of the dungeon, and saw 2 of its levels.

You collected 31 gold pieces.

Inventory:

Hand Weapons
 a - a +1 dagger (weapon)
Armour
 b - a +0 robe (worn)
Scrolls
 d - 2 scrolls of remove curse {unknown}
Books
 c - a book of Maledictions

   Spells                             Type                      Level
   a - Corona                         Hexes                        1
   b - Ensorcelled Hibernation        Hexes/Ice                    2
   c - Confuse                        Hexes                        3
   d - Tukima's Dance                 Hexes                        3
   e - Dazzling Spray                 Conjuration/Hexes            3


   Skills:
 * Level 2.1 Short Blades
 - Level 1.5 Dodging
 - Level 2.4 Stealth
 - Level 2.6 Spellcasting
 - Level 2.6 Hexes


You had 3 spell levels left.
You knew the following spells:

 Your Spells              Type           Power        Failure   Level  Hunger
a - Corona                Hex            #......      8%          1    N/A
b - Ensorcelled Hibernat  Hex/Ice        #.....       19%         2    N/A

Dungeon Overview and Level Annotations

Branches:
Dungeon (2/15)

Altars:
The Shining One


Innate Abilities, Weirdness & Mutations

You do not eat or drink.
Your flesh is vulnerable to fire.
You are immune to poison.
Your flesh is cold resistant. (rC+)
You are immune to negative energy. (rN+++)
You are immune to unholy pain and torment.
You can survive without breathing.


Message History

You see here a hand axe.
The adder completely misses you. The adder barely misses you.
There is a stone staircase leading up here.
The adder bites you.
* * * LOW HITPOINT WARNING * * *
You see here a hand axe.
The adder bites you.
* * * LOW HITPOINT WARNING * * *
There is a shaft here.
The adder bites you.
* * * LOW HITPOINT WARNING * * *
Casting: Ensorcelled Hibernation
Confirm with . or Enter, or press ? or * to list all spells.
Aiming: Ensorcelled Hibernation
Press: ? - help, Shift-Dir - straight line, f/p - adder
Aim: an adder (chance to defeat MR: 46%)
The adder resists with some effort.
The adder closely misses you. The adder barely misses you. The adder bites you.
You die...

#.##........)..####
#......#.#..#..)..#
########.#.##.###.##
#......<....#
###'##.#....#
#.......##.#
#....##....# #
#....'#..^.#.##.#
#....##.@S....... #
#.....#...##...#.
##.##. #.....#...#
...#
......######.#...#
....
.....#.......###.##
...
....................
...
....................
....................
......#######......#


You could see an adder.

Vanquished Creatures
  A goblin (D:1)
  3 hobgoblins
  2 kobolds (D:1)
  A quokka (D:2)
  A bat (D:1)
  2 frilled lizards
  8 rats
18 creatures vanquished.

Notes
Turn   | Place    | Note
-------+----------+-------------------------------------------
     0 | D:1      | 4thArraOfDagon the Mummy Enchanter began the quest for the Orb.
     0 | D:1      | Reached XP level 1. HP: 13/13 MP: 4/4
    10 | D:1      | Reached skill level 1 in Short Blades
   505 | D:1      | Reached XP level 2. HP: 17/19 MP: 5/5
   510 | D:1      | Learned a level 2 spell: Ensorcelled Hibernation
   576 | D:2      | Found a glowing golden altar of the Shining One.
   701 | D:2      | Slain by an adder

Vault maps used:
D:1:      arrival_zaba_pyramid, item_on_display_a
D:2:      old_standard_altar, uniq_crazy_yiuf_cottage

Skill      XL: |  1  2 |
---------------+-------+-----
Short Blades   | 1 2 |  2.1
Dodging        | |  1.5
Stealth        | |  2.4
Spellcasting   | |  2.6
Hexes          | |  2.6

Action                   || total
-------------------------++-------
Melee: Dagger            ||    36
 Cast: Ensorcelled Hiber ||     9
 Stab: Sleeping          ||     7
Armor: Robe              ||     5
Dodge: Dodged            ||    26

Table legend:
 A = Spawn XP
 B = Non-spawn XP
 C = Spawn XP percentage of total XP
 D = Spawn monster count
 E = Non-spawn monster count
 F = Spawn count percentage of total count
 G = Total turns spent on level
                    A         B        C        D         E        F      G
               +---------+---------+-------+---------+---------+-------+---------
         Total |       0 |      25 |   0.0 |       0 |      18 |   0.0 |   701
               +---------+---------+-------+---------+---------+-------+---------
           D:1 |       0 |      19 |   0.0 |       0 |      14 |   0.0 |   530
           D:2 |       0 |       6 |   0.0 |       0 |       4 |   0.0 |   171
               +---------+---------+-------+---------+---------+-------+---------
